 Dungeon Crawl Stone Soup version 0.30-a0-715-gdb4ae3ece1 (webtiles) character file.

Game seed: 18199932452795841226

50782 browni3141 the Fey Naga (level 14, -9/118 HPs)
             Began as a Naga Summoner on Jan 24, 2023.
             Was a Priest of Yredelemnul.
             Killed by an exploding orc priest zombie (36 damage)
             ... ignited by their inner flame
             ... on level 2 of the Orcish Mines.
             The game lasted 00:45:31 (18395 turns).

browni3141 the Fey Naga (Naga Summoner)            Turns: 18395, Time: 00:45:32

Health: -9/118     AC:  9    Str: 11    XL:     14   Next: 56%
Magic:  32/32      EV: 14    Int: 26    God:    Yredelemnul [***...]
Gold:   1467       SH:  5    Dex: 12    Spells: 0/35 levels left

rFire   . . .      SeeInvis +    f - +2 dagger (venom)
rCold   + . .      Faith    .    s - +0 buckler
rNeg    . . .      Spirit   .    P - +0 leather armour {rC+}
rPois   +          Reflect  .    (helmet restricted)
rElec   .          Harm     .    F - +2 cloak
rCorr   .          Rampage  .    (no gloves)
Will    +....                    (no barding)
Stlth   ++                       i - amulet of regeneration
HPRegen 1.19/turn                o - +6 ring of intelligence
MPRegen 0.23/turn                L - +5 ring of evasion

@: very slow
A: AC +4, large, see invisible, deformed body, poison resistance, slowness 2,
spit poison 1, naga tail 2, horns 1, frail 1, high MP 1, noise suppression
a: Spit Poison, Renounce Religion, Recall Undead Harvest, Dark Bargain


You were on level 2 of the Orcish Mines.
You worshipped Yredelemnul.
Yredelemnul was pleased with you.
You visited 4 branches of the dungeon, and saw 18 of its levels.
You also visited: Bailey.

You collected 2037 gold pieces.
You spent 570 gold pieces at shops.

Inventory:

Hand Weapons
 f - a +2 dagger of venom (weapon)
 J - the +4 dagger "Quam Tomp" {flame, Drain Fly rElec Int+3}
   (You found it on level 7 of the Dungeon)

   Int:       It affects your intelligence (+3).
   rElec:     It insulates you from electricity.
   Fly:       It grants you flight.
   Drain:     It drains your maximum health when unequipped.
Missiles
 M - 4 atropa-tipped darts
 O - 4 datura-tipped darts
 Q - 8 curare-tipped darts
Armour
 s - a +0 buckler (worn)
 F - a +2 cloak (worn)
 I - the +0 scale mail "Qaavicvongi" {rF++ rCorr Dex-2 Stlth+}
   (You found it on level 7 of the Dungeon)

   Dex:       It affects your dexterity (-2).
   rF:        It greatly protects you from fire.
   rCorr:     It protects you from acid and corrosion.
   Stlth:     It makes you more stealthy.
 P - a +0 leather armour of cold resistance (worn)
Jewellery
 i - an amulet of regeneration (around neck)
 o - a +6 ring of intelligence (left hand)
 p - a ring of fire
 u - a ring of positive energy
 v - a ring of willpower
 x - a +4 ring of protection
 A - a ring of resist corrosion
 G - a ring of magical power
 L - a +5 ring of evasion (right hand)
 T - an amulet of the acrobat
 Z - a +4 ring of protection
Wands
 d - a wand of polymorph (5)
 y - a wand of charming (7)
 E - a wand of iceblast (3)
Scrolls
 e - 5 scrolls of vulnerability
 h - 6 scrolls of immolation
 k - 3 scrolls of enchant weapon
 l - 2 scrolls of enchant armour
 w - 2 scrolls of fear
 z - 4 scrolls of fog
 C - a scroll of torment
 H - a scroll of silence
 N - a scroll of summoning
 R - a scroll of acquirement {unknown}
 U - 4 scrolls of teleportation
 V - 3 scrolls of poison {unknown}
 W - a scroll of brand weapon {unknown}
 Y - 2 scrolls of blinking {unknown}
Potions
 a - a potion of invisibility {unknown}
 b - 3 potions of magic
 c - 4 potions of attraction
 g - 2 potions of mutation
 j - 2 potions of cancellation {unknown}
 m - 2 potions of haste
 n - 12 potions of curing {unknown}
 q - a potion of brilliance {unknown}
 r - 12 potions of ambrosia
 t - a potion of resistance {unknown}
 B - a potion of flight {unknown}
 D - 12 potions of degeneration
 K - 3 potions of might {unknown}
 S - a potion of berserk rage
 X - 5 potions of lignification {unknown}


   Skills:
 - Level 10.0 Fighting
 - Level 1.5 Dodging
 - Level 3.0 Stealth
 - Level 4.0 Shields
 * Level 11.2 Spellcasting
 - Level 3.0 Hexes
 - Level 8.0 Summonings
 - Level 12.0 Air Magic
 * Level 14.7 Invocations


You couldn't memorise any spells.
You knew the following spells:

 Your Spells              Type           Power      Damage    Failure   Level
a - Summon Small Mammal   Summ           100%       N/A       1%          1
b - Call Imp              Summ           54%        N/A       1%          2
c - Call Canine Familiar  Summ           54%        N/A       1%          3
d - Summon Guardian Gole  Hex/Summ       43%        N/A       1%          3
e - Summon Lightning Spi  Summ/Air       61%        N/A       1%          4
f - Airstrike             Air            33%        2d(5-21)  1%          4
g - Swiftness             Air            67%        N/A       1%          3
h - Vhi's Electric Charg  Tloc/Air       90%        N/A       1%          3
i - Arcjolt               Conj/Air       22%        1d32      16%         5
j - Lightning Bolt        Conj/Air       22%        1d38      16%         5
k - Blink                 Tloc           28%        N/A       10%         2

Your spell library contained the following spells:

 Spells                   Type           Power      Damage    Failure   Level
 Shock                    Conj/Air       100%       1d9       1%          1
 Cigotuvi's Dreadful Rot  Necr/Pois/Air  70%        N/A       1%          2
 Static Discharge         Conj/Air       90%        2-6/arc   1%          2
 Mephitic Cloud           Conj/Pois/Air  35%        N/A       3%          3
 Beastly Appendage        Tmut           28%        N/A       7%          1
 Magic Dart               Conj           56%        1d5       7%          1
 Lesser Beckoning         Tloc           28%        N/A       10%         2
 Momentum Strike          Conj/Tloc      28%        3d8       10%         2
 Wereblood                Tmut           14%        N/A       10%         2
 Spider Form              Tmut/Pois      14%        N/A       21%         3
 Dispel Undead            Necr           14%        3d10      54%         4
 Death Channel            Necr           Unusable   N/A       N/A         6

Dungeon Overview and Level Annotations

Branches:
Dungeon (10/15)            Temple (1/1) D:4            Lair (5/5) D:9
  Swamp (0/4) Lair:2        Snake (0/4) Lair:2        Slime (0/5) Lair:5
    Orc (2/2) D:10            Elf (0/3) Orc:2        Bailey (visited)

Altars:
Ashenzari
Cheibriados
Dithmenos
Elyvilon
Fedhas
Gozag
Hepliaklqana
Kikubaaqudgha
Makhleb
Nemelex Xobeh
Okawaru
Qazlal
Ru
Sif Muna
Trog
Uskayaw
Vehumet
Wu Jian
Xom
Yredelemnul
Zin
The Shining One
Jiyva

Shops:
D:2 (   D:7 :   D:9 :


Innate Abilities, Weirdness & Mutations

Your serpentine skin is tough. (AC +4)
You have supernaturally acute eyesight. (SInv)
Armour fits poorly on your strangely shaped body.
Your system is resistant to poisons. (rPois)
You cover ground very slowly.
You can spit poison.
You can use your snake-like lower body to constrict enemies.
You have a pair of small horns on your head.
You are frail. (-10% HP)
You have an increased reservoir of magic. (+10% MP)
You passively dampen the noise of your surroundings.


Message History

The orc warrior hits you from afar with a +0 glaive!
Your orc warrior zombie barely misses the orc priest.
Your orc priest zombie is engulfed in blazing flames.
Flame seeps out of your orc priest zombie.
Your orc priest zombie hits the orc warrior but does no damage.
You barely miss the orc. You grab the orc.
You headbutt the orc, but do no damage. You constrict the orc.
Flame seeps out of the orc.
The orc is engulfed in blazing flames.
A black mist starts to gather...
The orc explodes!
The fiery explosion engulfs you!!!
The fiery explosion engulfs the orc!
The fiery explosion engulfs the orc warrior!!!
The fiery explosion engulfs the orc!!
The fiery explosion engulfs your orc priest zombie!!!
The fiery explosion engulfs the orc!!!
The orc explodes!
The fiery explosion engulfs the orc priest!!
The fiery explosion engulfs your spectral orc!!
You destroy your spectral orc!
The orc priest explodes!
The fiery explosion engulfs the orc warrior!!
The fiery explosion engulfs the orc priest!!
A black mist starts to gather...
The orc priest explodes!
The fiery explosion engulfs the orc priest!!!
The fiery explosion engulfs your spectral orc priest!!
You destroy your spectral orc priest!
The orc priest explodes!
The fiery explosion engulfs your orc warrior zombie!!
The fiery explosion engulfs the orc warrior!
Flame seeps out of the orc warrior.
The orc warrior is severely wounded.
Your orc warrior zombie explodes!
The orc warrior explodes!
The fiery explosion engulfs the orc warrior!!!
The orc warrior explodes!
The fiery explosion engulfs you!!
* * * LOW HITPOINT WARNING * * *
Your orc priest zombie explodes!
The fiery explosion engulfs your orc zombie!!
The fiery explosion engulfs you!!!
You die...
Your body rises from the dead as a mindless zombie.

######## #####
##.#.#..## #.#.##
#........####
.....#####...#Z.##..##
#.....##.##Z##.......#
##))..#..ZZZ.#ZZZ...##
Z#.).#.#Z#....#Z§Z#.#.##
.Z...Z..Z##..###@○§....#
..........#..#§§§○§.#.##
.............§§§§§§..##
#.############§§§§§###
### .§§§§.. #.#
.o.o..... ..#
#....ooo..# ..#
#.........# ..#


You could see an orc sorcerer (inner flame), an orc warrior (inner flame), 2 orc
priests, an orc wizard (inner flame), 3 friendly orc zombies, 2 friendly orc
warrior zombies and a friendly orc wizard zombie (inner flame).

Vanquished Creatures
  Josephine (D:10)
  Erolcha (Orc:2)
  A boulder beetle (Lair:5)
  A two-headed ogre (D:9)
  A will-o-the-wisp (Lair:2)
  2 black mambas
  4 cane toads
  5 rime drakes
  A kobold demonologist (D:10)
  3 komodo dragons
  A troll (D:8)
  5 polar bears
  A queen bee (Lair:3)
  A meliai (Lair:4)
  A hornet (Lair:5)
  4 blink frogs
  A dream sheep (Lair:5)
  2 wyverns
  6 spriggans (Lair:5)
  15 yaks
  Grum (D:9)
  A human (Lair:2)
  A naga (Lair:2)
  4 water moccasins
  8 orc warriors
  3 black bears (Lair:5)
  4 ice beasts
  4 centaurs
  5 boggarts (Lair:5)
  14 wolves
  2 kobold brigands
  2 gnoll sergeants
  7 bullfrogs
  2 necrophages
  2 scorpions
  A wight (D:8)
  11 killer bees
  An electric eel (Lair:5)
  A vampire bat (D:6)
  3 howler monkeys (D:8)
  2 hounds
  A jelly (Lair:5)
  12 orc priests
  2 iguanas (D:5)
  8 orc wizards
  Terence (D:2)
  5 adders
  9 gnolls
  2 shadow imps
  A white imp (D:6)
  An ufetubus (D:5)
  3 orc zombies (Orc:2)
  2 worms (D:5)
  A dart slug (D:1)
  41 orcs
  4 bats
  2 bat skeletons (D:6)
  4 bat zombies (D:6)
  7 endoplasms
  2 giant cockroaches (D:2)
  12 goblins
  8 hobgoblins
  5 jackals
  5 quokkas
  3 ball pythons
  7 frilled lizards (D:5)
  15 kobolds
  3 rats (D:2)
  2 spectral orcs (Orc:2)
304 creatures vanquished.

Vanquished Creatures (collateral kills)
  Jorgrun (Orc:1)
  2 hydras
  A catoblepas (Lair:1)
  3 death yaks (Lair:5)
  A spriggan rider (Lair:5)
  A phantasmal warrior (Lair:2)
  3 elephants (Lair:4)
  5 black mambas
  8 cane toads
  2 rime drakes (Lair:4)
  2 kobold demonologists (D:6)
  Maggie (D:7)
  6 komodo dragons
  4 polar bears
  2 meliai (Lair:4)
  A hornet (Lair:5)
  2 blink frogs (Lair:5)
  A vampire (D:8)
  8 spriggans (Lair:5)
  3 wraiths (D:10)
  2 wyverns
  23 yaks
  A steam dragon (D:8)
  Menkaure (D:7)
  A warg (Orc:1)
  9 water moccasins
  5 orc warriors
  A black bear (Lair:3)
  2 ice beasts (D:8)
  31 wolves
  2 centaurs (D:7)
  3 phantoms
  A kobold brigand (D:6)
  4 bullfrogs
  A wight (D:8)
  16 killer bees (Lair:4)
  A howler monkey (D:9)
  A crimson imp (D:4)
  2 hounds
  2 jellies (Lair:5)
  3 orc priests
  2 iguanas (D:4)
  6 orc wizards
  A killer bee zombie (Lair:4)
  An adder (D:4)
  27 orcs
  A bat (D:1)
  2 endoplasms (D:1)
  A giant cockroach (D:1)
  A hobgoblin (D:1)
  6 jackals
  A quokka (D:4)
  2 frilled lizards
  4 goblins
  13 kobolds
  An orc zombie (Orc:1)
  A rat (D:1)
239 creatures vanquished.

Vanquished Creatures (others)
  A hydra (Lair:2)
  A spectral hydra (Lair:5)
  Nergalle (Lair:1)
  3 trolls (D:10)
  Grinder (D:4)
  3 black mamba zombies
  A wraith (D:10)
  3 yaks
  2 nagas (Lair:2)
  3 cane toad zombies
  6 orc warriors
  A black bear (D:4)
  A hornet zombie (Lair:5)
  3 wolves
  A rime drake zombie (Lair:4)
  4 kobold brigands (Bailey)
  A wyvern zombie (D:10)
  A komodo dragon zombie (Lair:3)
  A water moccasin zombie (Lair:5)
  A polar bear zombie (Lair:5)
  2 wights (D:8)
  4 spriggan zombies (Lair:5)
  9 yak zombies
  28 wolf zombies
  4 bullfrog zombies
  An orc priest (Orc:1)
  Crazy Yiuf (D:5)
  3 boggart zombies (Lair:5)
  An orc wizard (D:8)
  8 killer bee zombies (Lair:4)
  2 naga zombies (Lair:2)
  A hound zombie (D:6)
  3 gnoll zombies
  A howler monkey zombie (D:9)
  A steam dragon zombie (D:8)
  An adder zombie (D:5)
  An iguana zombie (D:5)
  An orc (Orc:1)
  A kobold (Bailey)
  An endoplasm zombie (D:4)
  4 frilled lizard zombies (D:5)
  11 kobold zombies
  28 orc zombies
  A quokka zombie (D:4)
  2 foxfires (Lair:2)
  72 fungi
  85 plants
316 creatures vanquished.

Grand Total: 859 creatures vanquished

Notes
Turn   | Place    | Note
-------+----------+-------------------------------------------
     0 | D:1      | browni3141 the Naga Summoner began the quest for the Orb.
     0 | D:1      | Reached XP level 1. HP: 15/15 MP: 3/3
   136 | D:1      | Reached skill level 1 in Fighting
   177 | D:1      | Reached XP level 2. HP: 23/25 MP: 1/5
   180 | D:1      | Learned a level 2 spell: Call Imp
   378 | D:1      | Reached XP level 3. HP: 31/32 MP: 2/6
  1055 | D:2      | Learned a level 3 spell: Call Canine Familiar
  1086 | D:2      | Found Mauggiath's Weapon Emporium.
  1283 | D:2      | Reached XP level 4. HP: 39/39 MP: 7/7
  1301 | D:2      | Reached skill level 5 in Summonings
  1356 | D:2      | Noticed Terence
  1366 | D:2      | Killed Terence
  1900 | D:3      | Learned a level 3 spell: Summon Guardian Golem
  1965 | D:3      | Reached XP level 5. HP: 40/45 MP: 9/9
  2028 | D:3      | Identified the +3 dagger "Dulu" {heavy, rPois}
  2086 | D:3      | Reached skill level 1 in Hexes
  2395 | D:3      | Found a sparkling altar of Nemelex Xobeh.
  2552 | D:4      | Noticed Grinder
  2552 | D:4      | Noticed a phantom
  2608 | D:4      | Reached XP level 6. HP: 49/55 MP: 10/10
  2764 | D:4      | Found a staircase to the Ecumenical Temple.
  2801 | Temple   | Entered the Ecumenical Temple
  2849 | Temple   | Became a worshipper of Yredelemnul the Dark
  2900 | D:4      | Killed Grinder
  2901 | D:4      | Reached XP level 7. HP: 64/64 MP: 4/11
  3195 | D:4      | Reached skill level 5 in Fighting
  3215 | D:4      | Reached * piety under Yredelemnul
  3265 | D:4      | Found a burning altar of Makhleb.
  3266 | D:4      | Found a radiant altar of Vehumet.
  3282 | D:4      | Reached XP level 8. HP: 72/74 MP: 12/12
  3342 | D:4      | Found an iron altar of Okawaru.
  3344 | D:4      | Found a sacrificial altar of Ru.
  3347 | D:4      | Found an ornate altar of the Wu Jian Council.
  3353 | D:4      | Found a broken altar of Ashenzari.
  3361 | D:4      | Found a stormy altar of Qazlal.
  3476 | D:5      | Entered Level 5 of the Dungeon
  3542 | D:5      | Found a snail-covered altar of Cheibriados.
  3956 | D:5      | Reached skill level 1 in Invocations
  4134 | D:5      | Found a runed translucent door.
  4135 | D:5      | Noticed Crazy Yiuf
  4328 | D:5      | Killed Crazy Yiuf
  4329 | D:5      | Reached skill level 2 in Invocations
  4529 | D:6      | Reached skill level 3 in Invocations
  4661 | D:6      | Reached skill level 4 in Invocations
  4688 | D:6      | Reached ** piety under Yredelemnul
  4778 | D:6      | Reached skill level 5 in Invocations
  4798 | D:6      | Learned a level 4 spell: Summon Lightning Spire
  4825 | D:6      | Noticed a kobold demonologist
  4838 | D:6      | Noticed a kobold demonologist
  4842 | D:6      | Noticed a smoke demon
  4843 | D:6      | Gained mutation: You occasionally lose the ability to read
                  | scrolls when taking damage. [a neqoxec]
  4844 | D:6      | Gained mutation: You occasionally shout uncontrollably at
                  | your foes. [a neqoxec]
  4846 | D:6      | Noticed an ice devil
  4847 | D:6      | Noticed a rust devil
  4858 | D:6      | Noticed a smoke demon
  5124 | D:7      | Noticed Maggie
  5145 | D:6      | Reached skill level 1 in Air Magic
  5207 | D:7      | Killed Maggie
  5208 | D:7      | Reached XP level 9. HP: 82/82 MP: 1/13
  5511 | D:7      | Identified the +0 scale mail "Qaavicvongi" {rF++ rCorr
                  | Dex-2 Stlth+}
  5582 | D:7      | Found Xaebihuk's Self-Improvement Boutique.
  5652 | D:7      | Identified the +4 dagger "Quam Tomp" {flame, Drain Fly
                  | rElec Int+3}
  5738 | D:7      | Noticed Menkaure
  5745 | D:7      | Killed Menkaure
  6010 | D:8      | Found a white marble altar of Elyvilon.
  6158 | D:8      | Reached skill level 5 in Air Magic
  6171 | D:8      | Reached XP level 10. HP: 84/89 MP: 5/16
  6232 | D:8      | Found a flagged portal.
  6271 | Bailey   | Entered a bailey
  6505 | Bailey   | Found a burning altar of Makhleb.
  6757 | D:8      | Learned a level 4 spell: Airstrike
  7048 | D:9      | Noticed a two-headed ogre
  7272 | D:9      | Killed a two-headed ogre
  7273 | D:9      | Reached skill level 5 in Spellcasting
  7276 | D:9      | Noticed Grum
  7285 | D:8      | HP: 2/96 [ice beast (3)]
  7403 | D:9      | Found a staircase to the Lair.
  7476 | D:9      | Killed Grum
  7500 | D:8      | Reached XP level 11. HP: 15/104 MP: 2/18
  8351 | D:9      | Found Rothrona's Book Boutique.
  8360 | D:9      | Bought a book of Lightning for 570 gold pieces
  8364 | D:9      | Learned a level 3 spell: Swiftness
  8396 | D:10     | Entered Level 10 of the Dungeon
  8419 | D:10     | Noticed Josephine
  8437 | D:10     | Killed Josephine
  8438 | D:10     | Reached skill level 10 in Fighting
  8633 | D:10     | Found a transporter.
  8640 | D:10     | Found a transporter.
  8641 | D:10     | Found a glowing golden altar of the Shining One.
  8668 | D:10     | Found a transporter.
  8676 | D:10     | Found a transporter.
  9259 | D:10     | Found a shimmering altar of Xom.
  9396 | D:10     | Found a transporter.
  9405 | D:10     | Found a transporter.
  9594 | D:10     | Found a staircase to the Orcish Mines.
  9756 | D:6      | Noticed a soul eater
  9928 | D:6      | Found an ancient bone altar of Kikubaaqudgha.
 10235 | Orc:1    | Entered Level 1 of the Orcish Mines
 10249 | Orc:1    | Noticed Jorgrun
 10320 | D:10     | Lost mutation: You occasionally shout uncontrollably at
                  | your foes. [potion of mutation]
 10320 | D:10     | Lost mutation: You occasionally lose the ability to read
                  | scrolls when taking damage. [potion of mutation]
 10320 | D:10     | Gained mutation: You are frail. (-10% HP) [potion of
                  | mutation]
 10320 | D:10     | Gained mutation: You have an increased reservoir of magic.
                  | (+10% MP) [potion of mutation]
 10320 | D:10     | Gained mutation: You passively dampen the noise of your
                  | surroundings. [potion of mutation]
 10320 | D:10     | Gained mutation: You have a pair of small horns on your
                  | head. [potion of mutation]
 10345 | Lair:1   | Entered Level 1 of the Lair of Beasts
 10552 | Lair:1   | Reached XP level 12. HP: 68/104 MP: 16/26
 10627 | Lair:1   | Reached skill level 10 in Air Magic
 10628 | Lair:1   | Reached *** piety under Yredelemnul
 10631 | Lair:1   | Learned a level 3 spell: Vhi's Electric Charge
 10752 | Lair:1   | Noticed a catoblepas
 10757 | Lair:1   | Killed a catoblepas
 10850 | Lair:1   | Reached **** piety under Yredelemnul
 10883 | Lair:1   | Noticed Nergalle
 10898 | Lair:1   | Killed Nergalle
 10899 | Lair:1   | Reached skill level 6 in Invocations
 11151 | Lair:1   | Reached ***** piety under Yredelemnul
 12030 | Lair:2   | Reached skill level 7 in Invocations
 12309 | Lair:2   | Noticed a five-headed hydra
 12346 | Lair:2   | Found a staircase to the Snake Pit.
 12565 | Lair:2   | Found a staircase to the Swamp.
 12673 | Lair:2   | Reached skill level 8 in Invocations
 13221 | Lair:2   | Killed a five-headed hydra
 13222 | Lair:2   | Reached skill level 10 in Spellcasting
 13283 | Lair:2   | Found a runed translucent door.
 13572 | Lair:3   | Noticed an eight-headed hydra
 13575 | Lair:3   | Killed an eight-headed hydra
 13720 | Lair:3   | Gained mutation: You can use your snake-like lower body to
                  | constrict enemies. [Naga growth]
 13720 | Lair:3   | Reached XP level 13. HP: 110/110 MP: 26/30
 13733 | Lair:3   | Learned a level 5 spell: Arcjolt
 13739 | Lair:3   | Learned a level 5 spell: Lightning Bolt
 15012 | Lair:4   | Reached skill level 9 in Invocations
 15230 | Lair:4   | Reached ****** piety under Yredelemnul
 15755 | Lair:5   | Entered Level 5 of the Lair of Beasts
 15814 | Lair:5   | Reached skill level 10 in Invocations
 15955 | Lair:5   | Reached skill level 11 in Invocations
 16372 | Lair:5   | Reached skill level 12 in Invocations
 16413 | Lair:5   | Reached XP level 14. HP: 108/118 MP: 31/31
 16738 | Lair:5   | Reached skill level 13 in Invocations
 17126 | Lair:5   | Found a staircase to the Slime Pits.
 17133 | Lair:5   | Found a viscous altar of Jiyva.
 17174 | Lair:5   | Identified the +3 scale mail of Tulips {+Inv rF- rN++
                  | Will+}
 17179 | Lair:5   | Reached skill level 14 in Invocations
 17197 | Lair:5   | Identified the +7 glaive of Ulutadd {heavy, Int+3}
 17546 | Lair:5   | Learned a level 2 spell: Blink
 17665 | Orc:1    | Killed Jorgrun
 17912 | Orc:2    | Entered Level 2 of the Orcish Mines
 17956 | Orc:2    | Noticed Erolcha
 17986 | Orc:2    | Killed Erolcha
 18216 | Orc:2    | Found a staircase to the Elven Halls.
 18395 | Orc:2    | Killed by an exploding orc priest zombie... ignited by
                  | their inner flame

Illustrated notes

Levels and vault maps discovered:
D:1:      dpeg_arrival_three_same_balls, layout_basic, minmay_pentomino_z2
D:2:      minmay_diamond_boxcup, layout_basic, serial_shops, shop,
          minmay_fractal_squares_5, uniq_terence
D:3:      layout_rooms, nemelex_diamond_rough_becter, hangedman_feature_mirror,
          minmay_goblin_outpost
D:4:      layout_cave_pools, grunt_temple_overflow_lords_of_destruction,
          minmay_overflow_temple_star_hex, minmay_temple_entry_drinking_statues,
          uniq_grinder
D:5:      layout_loops_ring, mainiacjoe_overflow_alcove_1, minmay_lizard_king,
          uniq_crazy_yiuf_cottage
D:6:      layout_loops_ring, kennysheep_vampire_church,
          small_statue_intersection
D:7:      layout_gridville, nicolae_shop_self_help, uniq_maggie, uniq_menkaure
D:8:      layout_gridville, mainiacjoe_overflow_tiny_flanked, enter_bailey_7
D:9:      layout_rooms, hellmonk_lair_entry_icy, serial_shops,
          nicolae_lakefront_shop, kennysheep_doodads, uniq_grum
D:10:     layout_loops_cross, nicolae_overflow_crystal_walls,
          mainiacjoe_overflow_catwalk, orc_0_dummy, serial_nicolae_subway,
          nicolae_sub_station_stone, nicolae_sub_station_crystal,
          nicolae_sub_station_metal, uniq_josephine
Temple:   nicolae_temple_cloud_nine
Lair:1:   layout_hall_layers, grunt_megastairs_5, uniq_nergalle
Lair:2:   layout_chaotic_city, minmay_swamp_entry_wisps,
          minmay_snake_entry_guardpost_small, minivault_27,
          pdpol_lair_cabin_in_the_woods, grunt_megastairs_3
Lair:3:   layout_gridlike
Lair:4:   layout_roguey [special_room_bee], grunt_megastairs_2,
          serial_bayou_shore_b
Lair:5:   minmay_lair_end_enchanted_forest, layout_gridlike,
          nicolae_slime_entry_field_trip, serial_bayou_shore_a,
          infiniplex_staircase_pool_2, serial_bayou_shore_b, grunt_megastairs_1
Orc:1:    layout_caves, uniq_jorgrun
Orc:2:    st_orc_congregation, layout_caves, uniq_erolcha

Skill      XL: |  1  2  3  4  5  6  7  8  9 10 11 12 13 14 |
---------------+-------------------------------------------+-----
Fighting       | 1 2 4 5 6 8 10 | 10.0
Summonings     | 5 6 8 |  8.0
Spellcasting   | 3 4 5 8 10 11 | 11.2
Hexes          | 2 3 |  3.0
Shields        | 2 4 |  4.0
Invocations    | 5 8 12 14 | 14.7
Air Magic      | 2 5 8 9 10 12 | 12.0
Dodging        | |  1.5
Stealth        | |  3.0

Action                     |  1- 3 |  4- 6 |  7- 9 | 10-12 | 13-15 || total
---------------------------+-------+-------+-------+-------+-------++-------
  Melee: Unarmed           |     8 |       |       |       |       ||     8
         Dagger            |    57 |    65 |   187 |   309 |   457 ||  1075
         Hand axe          |       |    36 |   103 |       |       ||   139
         Headbutt          |       |       |       |    27 |   165 ||   192
         Constrict         |       |       |       |       |   111 ||   111
  Throw: Dart              |       |       |       |     5 |       ||     5
   Cast: Summon Small Mamm |    11 |     7 |     2 |       |       ||    20
         Call Imp          |     1 |     5 |     1 |       |       ||     7
         Call Canine Famil |       |     6 |    12 |    16 |     2 ||    36
         Summon Guardian G |       |     1 |    10 |    20 |     1 ||    32
         Summon Lightning  |       |       |     1 |     7 |    10 ||    18
         Airstrike         |       |       |       |   105 |    52 ||   157
 Invoke: Bind Soul         |       |       |       |       |     3 ||     3
         Recall Undead Har |       |       |       |       |     2 ||     2
         Drain Life        |       |       |       |       |     2 ||     2
Ability: Spit Poison       |     1 |       |     1 |       |       ||     2
  Evoke: Wand              |       |     2 |     1 |     7 |       ||    10
    Use: Scroll            |     3 |     3 |     3 |     5 |     1 ||    15
         Potion            |       |       |       |     1 |       ||     1
   Stab: Sleeping          |     8 |     5 |     5 |     3 |     1 ||    22
         Distracted        |     1 |     1 |     4 |     5 |     7 ||    18
         Invisible         |       |       |       |     2 |       ||     2
 Armour: Robe              |    25 |    19 |   103 |    22 |       ||   169
         Leather armour    |       |       |       |   112 |   161 ||   273
  Dodge: Dodged            |    43 |    58 |   120 |   299 |   441 ||   961
  Block: Buckler           |       |    12 |    50 |   119 |   153 ||   334

Table legend: (Time is in decaauts)
 A = Elapsed time spent in this place.
 B = Non-inter-level travel time spent in this place.
 C = Inter-level travel time spent in this place.
 D = Time resting spent in this place.
 E = Time spent auto-exploring this place.
 F = Levels seen in this place.
 G = Mean time per level.
                   A        B        C        D        E       F      G
               +--------+--------+--------+--------+--------+-----+--------+
         Total |  22885 |  21565 |   1320 |   1230 |  15899 |  19 | 1204.5 |
       Dungeon |  12532 |  11604 |    928 |    771 |   8219 |  10 | 1253.2 |
        Temple |     77 |     69 |      8 |      0 |     44 |   1 |   77.0 |
          Lair |   8938 |   8582 |    356 |    377 |   6811 |   5 | 1787.6 |
  Orcish Mines |    919 |    892 |     27 |      0 |    706 |   2 |  459.5 |
        Bailey |    417 |    417 |      0 |     82 |    117 |   1 |  417.0 |
               +--------+--------+--------+--------+--------+-----+--------+

Top non-repeatable levels by time:
  Lair:5: 2196 daAuts
  Lair:1: 2059 daAuts
  Lair:2: 1842 daAuts
    D:10: 1712 daAuts
  Lair:3: 1446 daAuts
     D:8: 1438 daAuts
     D:5: 1397 daAuts
  Lair:4: 1394 daAuts
     D:6: 1327 daAuts
     D:9: 1265 daAuts
     D:2: 1210 daAuts
     D:1: 1190 daAuts
     D:4: 1081 daAuts
     D:7: 1022 daAuts
     D:3: 886 daAuts
